 Dungeon Crawl Stone Soup version 0.17.1-3-g152610e (webtiles) character file.

187 kaze the Ducker (level 5, 0/41 HPs)
             Began as a Demonspawn Gladiator on Mar 30, 2016.
             Killed by divine providence
             ... invoked by an orc priest
              (12 damage)
             ... on level 4 of the Dungeon.
             The game lasted 00:05:08 (1967 turns).

kaze the Ducker (Demonspawn Gladiator)              Turns: 1967, Time: 00:05:08

Health: 0/41       AC:  8    Str: 16      XL:     5   Next: 39%
Magic:  5/5        EV: 12    Int:  6 (10) God:
Gold:   174        SH:  6    Dex: 13      Spells: 0 memorised, 4 levels left

rFire  . . .     SeeInvis .     a - +0 war axe
rCold  . . .     Clarity  .     b - +0 leather armour
rNeg   + . .     SustAt   .     p - +0 buckler
rPois  .         Gourm    .     c - +0 helmet
rElec  .         Spirit   .     o - +0 cloak
rCorr  .         Warding  .     (no gloves)
rMut   .         Stasis   .     (no boots)
MR     .....                    (no amulet)
Stlth  +.........               (no ring)
                                e - ring of positive energy

@: not resistant to hostile enchantments, very unstealthy
A: large bone plates 2, rot immunity
a: no special abilities


You were on level 4 of the Dungeon.
You were not hungry.

You visited 1 branch of the dungeon, and saw 4 of its levels.

You collected 174 gold pieces.

Inventory:

Hand Weapons
 a - a +0 war axe (weapon)
Missiles
 d - 3 throwing nets (quivered)
 g - 4 tomahawks
Armour
 b - a +0 leather armour (worn)
 c - a +0 helmet (worn)
 o - a +0 cloak (worn)
 p - a +0 buckler (worn)
Jewellery
 e - a ring of positive energy (left hand)
Wands
 q - a wand of enslavement (15)
 w - a wand of flame (40)
Scrolls
 f - a scroll of teleportation {unknown}
 i - a scroll of magic mapping {unknown}
 k - a scroll of recharging {unknown}
 l - 2 scrolls of blinking {unknown}
 m - a scroll of enchant armour {unknown}
 n - 3 scrolls of identify {unknown}
 s - a scroll of amnesia {unknown}
 v - a scroll of immolation {unknown}
Potions
 j - a potion of degeneration
 r - a potion of cancellation {unknown}
 u - a potion of haste {unknown}
Books
 t - a book of Enchantments

   Spells                             Type                      Level
   a - Cause Fear                     Hexes                        4
   b - Silence                        Hexes/Air                    5
   c - Deflect Missiles               Charms/Air                   6
   d - Haste                          Charms                       6
   e - Discord                        Hexes                        8
Comestibles
 h - 2 meat rations


   Skills:
 + Level 3.0 Fighting
 + Level 3.3 Axes
 + Level 2.0 Throwing
 + Level 1.6 Armour
 + Level 4.0 Dodging
 + Level 0.2 Stealth
 + Level 0.5 Shields


You had 4 spell levels left.
You didn't know any spells.

Dungeon Overview and Level Annotations

Branches:
Dungeon (4/15)
 Temple: D:4-7

Altars:
Cheibriados
Yredelemnul
Zin
The Shining One

Annotations:
D:3 1 runed door


Innate Abilities, Weirdness & Mutations

You are mostly covered in large bone plates (AC +3, SH +3).
You are immune to rotting.


Message History

The orc priest is healed somewhat.
You hit the orc priest but do no damage.
The orc priest is lightly wounded.
The orc priest hits you but does no damage.
You barely miss the orc priest.
The orc priest is lightly wounded.
You block the orc priest's attack.
You barely miss the orc priest.
The orc priest is lightly wounded.
The orc priest hits you but does no damage.
You barely miss the orc priest.
The orc priest is lightly wounded.
You block the orc priest's attack.
Drink which item? (? for menu, Esc to quit)
It was a potion of degeneration.
There was something very wrong with that liquid.
You feel dopey.
The orc priest mumbles some strange prayers to Beogh against you.
Something smites you!
You die...

#########
#oo@....#
.......o##..###
##########.##
#.# #.# # ###.#
#. #(..# #.###
#.###
....####.#


You could see 2 orc priests and an orc.

Vanquished Creatures
  A hound (D:4)
  An orc priest (D:3)
  Natasha (D:4)
  A gnoll (D:1)
  An adder (D:2)
  An ooze (D:1)
  A giant gecko (D:3)
  4 orcs
  10 bats
  4 giant cockroaches
  9 goblins
  11 hobgoblins
  11 kobolds
  A ball python (D:3)
  14 giant newts
  A goblin zombie (D:3)
  A jackal zombie (D:3)
  7 rats
80 creatures vanquished.

Notes
Turn   | Place    | Note
--------------------------------------------------------------
     0 | D:1      | kaze the Demonspawn Gladiator began the quest for the Orb.
     0 | D:1      | Reached XP level 1. HP: 16/16 MP: 1/1
    77 | D:1      | Gained mutation: You are partially covered in large bone plates (AC +2, SH +2). [demonic ancestry]
    77 | D:1      | Reached XP level 2. HP: 13/22 MP: 2/2
   145 | D:1      | Reached skill level 3 in Axes
   226 | D:1      | Gained mutation: You are mostly covered in large bone plates (AC +3, SH +3). [demonic ancestry]
   226 | D:1      | Reached XP level 3. HP: 25/28 MP: 3/3
   738 | D:2      | Found a snail-covered altar of Cheibriados.
  1051 | D:2      | Reached XP level 4. HP: 34/34 MP: 4/4
  1218 | D:3      | Found a runed door.
  1218 | D:3      | Noticed a human
  1220 | D:3      | Reached skill level 1 in Armour
  1239 | D:3      | Found a basalt altar of Yredelemnul.
  1278 | D:3      | Found a glowing golden altar of the Shining One.
  1279 | D:3      | Found a glowing silver altar of Zin.
  1622 | D:4      | Noticed Natasha
  1635 | D:4      | Gained mutation: You are immune to rotting. [demonic ancestry]
  1635 | D:4      | Reached XP level 5. HP: 10/40 MP: 5/5
  1640 | D:4      | Killed Natasha
  1640 | D:4      | Reached skill level 4 in Dodging
  1967 | D:4      | Killed from afar by an orc priest

Action                   |  1- 3 |  4- 6 || total
-------------------------+-------+-------++-------
Melee: War axe           |   153 |    85 ||   238
Throw: Throwing net      |     3 |       ||     3
  Use: Potion            |       |     1 ||     1
  Eat: Bread ration      |       |     1 ||     1
